 Dungeon Crawl Stone Soup version 0.31.0-9-g3a7656b989 (webtiles) character file.

Game seed: 1303401797737472058

165 qw the Shooter (level 5, -1/41 HPs)
             Began as a Demigod Hunter on Feb 2, 2024.
             Slain by Sigmund
             ... wielding a +1 scythe of venom
              (8 damage)
             ... on level 2 of the Dungeon.
             The game lasted 00:00:07 (1216 turns).

qw the Shooter (Demigod Hunter)                     Turns: 1216, Time: 00:00:08

Health: -1/41      AC:  9    Str: 12    XL:     5   Next: 1%
Magic:  7/7        EV: 11    Int:  6    God:
Gold:   64         SH:  0    Dex: 21    Spells: 4/4 levels left

rFire   + . .        a - +0 shortbow
rCold   + + .        (shield currently unavailable)
rNeg    . . .        d - +0 ring mail
rPois   .            f - +0 helmet
rElec   .            (no cloak)
rCorr   .            c - +2 pair of gloves of the Stone Wall {rF+ rC+ Int-5}
SInv    .            (no boots)
Will    .....        (no amulet)
Stlth   +            e - ring of protection from cold
HPRegen 0.26/turn    (no ring)
MPRegen 0.10/turn

%: no passive effects
@: lethally poisoned (-1 -> -17)
A: high MP 1, forlorn, divine attributes
a: no special abilities


You were on level 2 of the Dungeon.
You visited 1 branch of the dungeon, and saw 2 of its levels.

You collected 64 gold pieces.


Innate Abilities, Weirdness & Mutations

You have an increased reservoir of magic. (+10% MP)
You shall have no god before yourself.
Your divine heritage dramatically boosts your attributes as you level up.


   Skills:
 - Level 2.0 Fighting
 + Level 5.6 Ranged Weapons
 - Level 1.0 Armour
 - Level 2.0 Dodging
 - Level 0.8 Stealth


You had 4 spell levels left.
You didn't know any spells.
Your spell library was empty.

Inventory:

Hand Weapons
 a - a +0 shortbow (weapon)
Armour
 c - the +2 pair of gloves of the Stone Wall (worn) {rF+ rC+ Int-5}
   (You acquired it on level 1 of the Dungeon)

   Int-5:     It affects your intelligence (-5).
   rF+:       It protects you from fire.
   rC+:       It protects you from cold.
 d - a +0 ring mail (worn)
 f - a +0 helmet (worn)
Jewellery
 e - a ring of protection from cold (left hand)
Wands
 g - a wand of polymorph (2)
Scrolls
 j - a scroll of blinking {unknown}
Potions
 h - a potion of cancellation {unknown}
 i - a potion of curing
 k - a potion of magic {unknown}

Dungeon Overview and Level Annotations

Branches:
Dungeon (2/15)

Annotations:
D:2 Sigmund


Message History

The rat squeaks loudly.
You shoot an arrow.
The arrow hits the rat but does no damage.
Sigmund the Dreaded comes into view.
He is wielding a +1 scythe of venom.
You shoot an arrow.
Sigmund shouts!
The arrow hits the rat.
You kill the rat!
You shoot an arrow. The arrow hits Sigmund.
Sigmund is lightly wounded.
You shoot an arrow. The arrow hits Sigmund.
Sigmund is moderately wounded.
You shoot an arrow. The arrow closely misses Sigmund.
A jackal comes into view.
Sigmund mumbles some strange words.
Sigmund flickers and vanishes!
Deactivating autopickup; reactivate with Ctrl-A.
The jackal moves out of view.
You hear a bark!
You shoot an arrow. You shoot an arrow. Something hits you.
You are poisoned.
You shoot an arrow.
You feel very sick. Something hits you.
You are more poisoned.
You shoot an arrow.
You feel very sick.
You hear some strange, mumbled words.
Something tries to affect you, but you resist.
You shoot an arrow. The arrow hits the jackal!
You kill the jackal!
You feel very sick. Something hits you!
You are lethally poisoned!
You shoot an arrow.
You feel very sick. Something hits you!
You die...

#....# #........# #....#
#........# #....#
#........# ########
##...###>.......# #.......
##.........#...# #.......
#........###..######.......
#####...##.##..............
#..##.#.########.......
#.##.#@#.# ###.....
###.#.#.#.# ###.#.
##.#.###.#.# ####....
##.#.## #.#.# ##....##.
##.#)## #.#.##......#.
##.#.## #.#.##.....#.
##.#.## #.# ##......
##.#.## #. ##...#. ##.#.##
##.####.


There were no monsters in sight!

Vanquished Creatures
  A hound (D:2)
  Jessica (D:2)
  Robin (D:1)
  A gnoll (D:1)
  3 adders
  A dart slug (D:1)
  3 ball pythons (D:1)
  5 endoplasms
  2 giant cockroaches (D:1)
  13 goblins
  5 hobgoblins
  4 jackals
  2 quokkas (D:1)
  5 bats
  3 frilled lizards (D:1)
  4 kobolds
  4 rats
58 creatures vanquished.

Notes
Turn   | Place    | Note
-------+----------+-------------------------------------------
     0 | D:1      | qw the Demigod Hunter began the quest for the Orb.
     0 | D:1      | Reached XP level 1. HP: 17/17 MP: 3/3
     0 | D:1      | 0 ||| qw: Version: 0.3-a-155-g5e7d8dd
     0 | D:1      | 0 ||| qw: Game counter: 401
     0 | D:1      | 0 ||| qw: Melee chars always use a shield: true
     0 | D:1      | 0 ||| qw: God list: Okawaru
     0 | D:1      | 0 ||| qw: Allow faded altars: false
     0 | D:1      | 0 ||| qw: Do Orc after clearing Dungeon:15 true
     0 | D:1      | 0 ||| qw: Do second Lair branch before Depths: true
     0 | D:1      | 0 ||| qw: Lair rune preference: random
     0 | D:1      | 0 ||| qw: Goals: Normal
     0 | D:1      | 0 ||| PLANNING D:1-11
    56 | D:1      | Reached skill level 4 in Ranged Weapons
    56 | D:1      | Reached XP level 2. HP: 15/24 MP: 4/4
   196 | D:1      | Reached XP level 3. HP: 29/29 MP: 5/5
   482 | D:1      | 482 ||| UPGRADING to +0 ring mail.
   492 | D:1      | 492 ||| DROPPING +0 leather armour.
   493 | D:1      | 493 ||| UPGRADING to ring of protection from cold.
   494 | D:1      | 494 ||| DROPPING +6 ring of intelligence.
   495 | D:1      | 495 ||| READING scroll labelled LEROHU AQIREIH.
   547 | D:1      | 547 ||| READING scroll labelled VYEGER MU GEWN.
   547 | D:1      | Identified a scroll of acquirement
   547 | D:1      | 547 ||| ACQUIRING +2 pair of gloves of the Stone Wall {rF+
                  | rC+ Int-5}
   547 | D:1      | Acquired the +2 pair of gloves of the Stone Wall {rF+ rC+
                  | Int-5}
   549 | D:1      | 549 ||| UPGRADING to +2 pair of gloves of the Stone Wall
                  | {rF+ rC+ Int-5}.
   554 | D:1      | 554 ||| READING scroll labelled ULANNY GENAN.
   554 | D:1      | 554 ||| ENCHANTING +0 shortbow.
   555 | D:1      | 555 ||| DRINKING 3 bubbling inky potions.
   556 | D:1      | 556 ||| DROPPING scroll of butterflies.
   557 | D:1      | 557 ||| DROPPING 2 potions of degeneration.
   589 | D:2      | 589 ||| STAIRDANCE
   628 | D:2      | 628 ||| STAIRDANCE
   642 | D:2      | Reached skill level 1 in Armour
   660 | D:2      | Noticed Robin
   664 | D:2      | 664 ||| FLEEEEING.
   665 | D:2      | 665 ||| FLEEEEING.
   666 | D:2      | 666 ||| FLEEEEING.
   667 | D:2      | 667 ||| STAIRDANCE
   679 | D:1      | HP: 7/29 [goblin/+0 dagger[Robin] (3)]
   680 | D:1      | HP: 3/29 [goblin/+0 dagger[Robin] (3)]
   681 | D:1      | Killed Robin
   797 | D:1      | 797 ||| UPGRADING to +0 helmet.
   802 | D:1      | 802 ||| READING scroll labelled SUCVINO BYAKH.
   802 | D:1      | 802 ||| IDENTIFYING lumpy green potion
   809 | D:2      | 809 ||| STAIRDANCE
   819 | D:1      | Reached XP level 4. HP: 36/36 MP: 6/6
   824 | D:2      | 824 ||| STAIRDANCE
   892 | D:2      | Noticed Jessica
   896 | D:2      | Killed Jessica
   897 | D:2      | Reached skill level 5 in Ranged Weapons
  1180 | D:2      | 1180 ||| READING scroll labelled UMA UGYZUHEDE.
  1194 | D:2      | Reached XP level 5. HP: 39/41 MP: 7/7
  1206 | D:2      | Noticed Sigmund
  1216 | D:2      | HP: 7/41 [poisoned by Sigmund]
  1216 | D:2      | Slain by Sigmund

Levels and vault maps discovered:
D:1:      minmay_arrival_loop, layout_rooms, minmay_misc_feat_x
D:2:      minmay_inner_zag, layout_rooms, uniq_jessica, uniq_sigmund, uniq_robin

Skill      XL: |  1  2  3  4 |
---------------+-------------+-----
Ranged Weapons | 4 5 |  5.6
Fighting       | 2 |  2.0
Dodging        | 2 |  2.0
Armour         | 1 |  1.0
Stealth        | |  0.8

Action                     |  1- 3 |  4- 6 || total
---------------------------+-------+-------++-------
  Melee: Unarmed           |    18 |       ||    18
   Fire: Shortbow          |   118 |    55 ||   173
    Use: Scroll            |     4 |     1 ||     5
         Potion            |     1 |       ||     1
 Armour: Leather armour    |    10 |       ||    10
         Skin              |    26 |       ||    26
         Ring mail         |    24 |    24 ||    48
  Dodge: Dodged            |    75 |    12 ||    87

Table legend:
 A = Non-vault XP
 B = Vault XP
 C = Vault XP percentage of total XP
 D = Non-vault monster count
 E = Vault monster count
 F = Vault count percentage of total count
                 A         B        C        D         E       F
            +---------+---------+-------+---------+---------+-------
      Total |     160 |      76 |  32.2 |      43 |      15 |  25.9
            +---------+---------+-------+---------+---------+-------
        D:1 |      82 |      24 |  22.6 |      35 |       6 |  14.6
        D:2 |      78 |      52 |  40.0 |       8 |       9 |  52.9
            +---------+---------+-------+---------+---------+-------
